 Dungeon Crawl Stone Soup version 0.31-a0-1343-gcd514f47d3 (webtiles) character file.

Game seed: 876326831935258165

130 GordonOverkill the Covert (level 4, -2/24 HPs)
             Began as a Spriggan Delver on Dec 22, 2023.
             Killed from afar by Natasha (8 damage)
             ... with a magic dart
             ... on level 3 of the Dungeon.
             The game lasted 00:10:17 (3154 turns).

GordonOverkill the Covert (Spriggan Delver)         Turns: 3154, Time: 00:10:18

Health: -2/24      AC:  2    Str:  8    XL:     4   Next: 89%
Magic:  9/9        EV: 17    Int: 13    God:
Gold:   201        SH:  0    Dex: 16    Spells: 6/9 levels left

rFire   . . .        E - +1 dagger (speed)
rCold   . . .        (no shield)
rNeg    + . .        b - +0 robe
rPois   .            (helmet restricted)
rElec   .            (no cloak)
rCorr   .            (gloves unavailable)
SInv    +            (boots unavailable)
Will    +....        (no amulet)
Stlth   ++++         a - ring of positive energy
HPRegen 0.24/turn    k - ring of willpower
MPRegen 0.11/turn

%: no passive effects
@: very quick
A: very small, no large weapons, unfitting armour, see invisible, speed 3
a: no special abilities


You were on level 3 of the Dungeon.
You visited 1 branch of the dungeon, and saw 6 of its levels.

You collected 201 gold pieces.

Inventory:

Hand Weapons
 t - a +0 dagger of holy wrath
 E - a +1 dagger of speed (weapon)
Missiles
 h - 2 throwing nets
Armour
 b - a +0 robe (worn)
Jewellery
 a - a ring of positive energy (left hand)
 k - a ring of willpower (right hand)
Wands
 g - a wand of digging (3)
Scrolls
 c - a scroll of fog
 d - a scroll of revelation
 e - a scroll of fear
 j - a scroll of teleportation {unknown}
 l - a scroll of amnesia {unknown}
 o - a scroll of enchant armour {unknown}
 s - a scroll of brand weapon {unknown}
 w - 2 scrolls of poison {unknown}
 x - a scroll of identify {unknown}
 y - a scroll of enchant weapon {unknown}
 z - a scroll of blinking {unknown}
Potions
 f - a potion of haste
 i - 2 potions of brilliance {unknown}
 n - 2 potions of cancellation {unknown}
 p - a potion of attraction {unknown}
 q - a potion of curing {unknown}
 r - 2 potions of heal wounds {unknown}
 u - a potion of might {unknown}
 v - 2 potions of degeneration {unknown}
 A - a potion of enlightenment {unknown}
 B - a potion of lignification {unknown}
 C - a potion of berserk rage {unknown}
 D - a potion of resistance {unknown}


   Skills:
 - Level 3.0 Fighting
 - Level 3.0 Short Blades
 - Level 3.0 Dodging
 - Level 8.0 Stealth
 - Level 3.0 Spellcasting
 + Level 0.3 Conjurations
 + Level 0.3 Air Magic
 + Level 0.4 Alchemy


You had 6 spell levels left.
You knew the following spells:

 Your Spells              Type           Power      Damage    Failure   Level
a - Mephitic Cloud        Conj/Alch/Air  2%         N/A       52%         3

Your spell library contained the following spells:

 Spells                   Type           Power      Damage    Failure   Level
 Dazzling Flash           Conj/Hex       4%         N/A       54%         3
 Agony                    Necr           1%         N/A       99%         5
 Silence                  Hex/Air        1%         N/A       99%         5


Dungeon Overview and Level Annotations

Branches:
Dungeon (6/15)
 Temple: D:4-7

Altars:
Uskayaw

Annotations:
D:3 Grinder, Natasha


Innate Abilities, Weirdness & Mutations

You are very small and have problems with some larger weapons.
You are too small for most types of armour.
You have supernaturally acute eyesight. (SInv)
You cover ground extremely quickly. (Speed+++)


Message History

An orc priest and 2 orcs come into view.
The orc priest is wielding a +1 heavy war axe.
The orc shouts! x2
Throw: 2 darts (poison)
Press: ? - help, Q - select action, (/) - cycle Shift-Dir - straight line, f - Natasha
Aim: Natasha (50% to hit)
You throw a poisoned dart. The poisoned dart hits Natasha.
Natasha is poisoned.
Natasha casts a spell at you. The magic dart hits you.
Throw: dart (poison)
Press: ? - help, Q - select action, (/) - cycle Shift-Dir - straight line, f/p - Natasha
Aim: Natasha (poisoned, 50% to hit)
You throw a poisoned dart.
The poisoned dart closely misses Natasha.
The poisoned dart barely misses the ball python.
You are too injured to fight recklessly!
You are too injured to fight recklessly!
You are too injured to fight recklessly!
You are too injured to fight recklessly!
Natasha closely misses you.
Grinder shouts!
You hit Natasha but do no damage.
Natasha is lightly wounded.
Natasha completely misses you.
You barely miss Natasha.
Natasha is lightly wounded.
You hit Natasha but do no damage.
Natasha is lightly wounded.
Natasha claws you.
* * * LOW HITPOINT WARNING * * *
Natasha mumbles some strange words.
Natasha shimmers violently.
Grinder hits you.
* * * LOW HITPOINT WARNING * * *
You writhe in agony.
* * * LOW HITPOINT WARNING * * *
Natasha stares at you and mumbles some strange words.
The magic dart hits you!
You die...
Natasha curls up and begins to purr.

#.........# #.### # ##
#......)..# #.... .####........#
##..8. ##...........#.# #.....
..#####.###....### #####...S.
#....J...##.##...... .......o.
#######......#.##### #....8o ##
#.##.#....########## #..o.o .##
#.##.###.5@..hSo(o(###..### ..#
#.##.# ##.########o........ #.##
#.#..# #..# ####o.####
#..####.#.## ##รท# ##.###
...........#####.## #...##
#...###..#.....)..## ###..#
###......#######...#### #####..
#...........###.#....#####......
#.#.###......##..###.......#####


You could see Grinder, Natasha (poisoned), 2 orcs and a ball python.

Vanquished Creatures
  Robin (D:3)
  3 adders
  A white imp (D:3)
  2 worms
  4 dart slugs
  2 ball pythons (D:2)
  10 endoplasms
  A giant cockroach (D:2)
  6 hobgoblins
  2 quokkas
  6 bats
  2 frilled lizards (D:2)
  16 goblins
  6 kobolds
  4 rats
66 creatures vanquished.

Notes
Turn   | Place    | Note
-------+----------+-------------------------------------------
     0 | D:5      | GordonOverkill the Spriggan Delver began the quest for the
                  | Orb.
     0 | D:5      | Reached XP level 1. HP: 11/11 MP: 2/2
    19 | D:6      | Noticed a bullfrog
    26 | D:5      | Noticed a howler monkey
    33 | D:5      | Noticed a black bear
    41 | D:5      | Noticed a jelly
    51 | D:5      | Noticed a scorpion
    73 | D:5      | Noticed an ice beast
   116 | D:4      | Found a hide-covered altar of Uskayaw.
   681 | D:3      | Noticed Robin
   717 | D:3      | Noticed Grinder
   793 | D:2      | Reached XP level 2. HP: 16/16 MP: 3/3
  1218 | D:2      | Reached XP level 3. HP: 19/19 MP: 4/4
  1475 | D:2      | Reached skill level 1 in Spellcasting
  1778 | D:3      | Reached XP level 4. HP: 24/24 MP: 7/7
  1800 | D:3      | Reached skill level 8 in Stealth
  2886 | D:2      | Learned a level 3 spell: Mephitic Cloud
  3029 | D:3      | Killed Robin
  3129 | D:3      | Noticed Natasha
  3154 | D:3      | Killed from afar by Natasha

Illustrated notes

Levels and vault maps discovered:
D:1:      heliophobic_arrival_dark_side_of_the_moon, layout_loops_corners
D:2:      kb_forest_paths, layout_basic
D:3:      cheibrodos_pilgrimage, layout_rooms, gammafunk_ghost_necromancy,
          uniq_grinder, uniq_natasha, uniq_robin, uniq_crazy_yiuf_cottage
D:4:      layout_basic, nicolae_uskayaw_murder_on_the_dancefloor,
          minmay_temple_entry_proselytizer, dreamdust_princess_corridor,
          nicolae_zig_zag_zippers
D:5:      layout_cave_pods, hangedman_decor_diamond_cutter
D:6:      layout_loops_cross, minmay_circle_x, uniq_menkaure, uniq_jeremiah

Skill      XL: |  1  2  3  4 |
---------------+-------------+-----
Dodging        | 3 |  3.0
Spellcasting   | 1 3 |  3.0
Short Blades   | 3 |  3.0
Fighting       | 3 |  3.0
Stealth        | 8 |  8.0
Conjurations   | |  0.3
Air Magic      | |  0.3
Alchemy        | |  0.4

Action                     |  1- 3 |  4- 6 || total
---------------------------+-------+-------++-------
  Melee: Short sword       |    36 |       ||    36
         Dagger            |    62 |   111 ||   173
  Throw: Dart              |       |     4 ||     4
   Stab: Sleeping          |    18 |     9 ||    27
         Distracted        |       |     1 ||     1
 Armour: Robe              |    27 |    31 ||    58
  Dodge: Dodged            |    59 |    74 ||   133

Table legend: (Time is in decaauts)
 A = Elapsed time spent in this place.
 B = Non-inter-level travel time spent in this place.
 C = Inter-level travel time spent in this place.
 D = Time resting spent in this place.
 E = Time spent auto-exploring this place.
 F = Levels seen in this place.
 G = Mean time per level.
                   A        B        C        D        E       F      G
               +--------+--------+--------+--------+--------+-----+--------+
         Total |   2059 |   1869 |    190 |    103 |    790 |   6 |  343.2 |
       Dungeon |   2059 |   1869 |    190 |    103 |    790 |   6 |  343.2 |
               +--------+--------+--------+--------+--------+-----+--------+

Top non-repeatable levels by time:
     D:2: 734 daAuts
     D:1: 670 daAuts
     D:3: 246 daAuts
     D:4: 215 daAuts
     D:5: 176 daAuts
     D:6: 15 daAuts
